 Dungeon Crawl Stone Soup version 0.26-a0-660-gc07710193c (webtiles) character file.

Game seed: 15522301928667384444

1115 ringo67 the Insei (level 8, 0/54 HPs)
             Began as an Octopode Transmuter on Oct 5, 2020.
             Was an Initiate of Ru.
             Slain by a wight
             ... wielding a +0 flail
              (4 damage)
             ... on level 6 of the Dungeon.
             The game lasted 00:12:49 (7046 turns).

ringo67 the Insei (Octopode Transmuter)             Turns: 7046, Time: 00:12:49

Health: 0/54       AC:  1    Str: 12    XL:     8   Next: 34%
Magic:  11/11      EV:  9    Int: 15    God:    Ru [......]
Gold:   296        SH:  8    Dex: 12    Spells: 7/11 levels left

rFire    + + .     SeeInvis .     - Unarmed
rCold    . . .     Faith    .   i - +2 kite shield
rNeg     . . .     Spirit   .   (helmet currently unavailable)
rPois    .         Reflect  .   (no amulet)
rElec    .         Harm     .   n - ring of protection from fire
rCorr    .         Rampage  .   p - ring of protection from fire
MR       .....                  (no ring)
Stlth    ++........             (no ring)
HPRegen  0.18/turn              (no ring)
MPRegen  0.12/turn              (no ring)
                                (no ring)
                                (no ring)

@: appendages (expiring), drained
A: almost no armour, stealthy swim, amphibious, 8 rings, constrict 8, tentacle
spike 3, camouflage 1, gelatinous body 1
a: End Transformation, Renounce Religion


You were on level 6 of the Dungeon.
You worshipped Ru.
Ru was noncommittal.
One of your tentacles had a temporary spike.
You visited 2 branches of the dungeon, and saw 7 of its levels.

You collected 296 gold pieces.

Inventory:

Missiles
 h - 16 poisoned darts (quivered)
Armour
 i - a +2 kite shield (worn)
Jewellery
 n - a ring of protection from fire (left tentacle)
 p - a ring of protection from fire (right tentacle)
Wands
 k - a wand of acid (21)
 q - a wand of flame (22)
Scrolls
 b - 3 scrolls of teleportation
 c - 6 scrolls of remove curse
 e - 5 scrolls of identify
 j - 2 scrolls of fog
 o - 2 scrolls of fear
 s - a scroll of blinking {unknown}
Potions
 a - 5 potions of curing
 d - 2 potions of invisibility
 f - 2 potions of heal wounds
 g - 2 potions of mutation {unknown}
 l - a potion of brilliance {unknown}
 m - 3 potions of cancellation {unknown}
 r - 2 potions of haste {unknown}


   Skills:
 + Level 4.7(3.6) Fighting
 - Level 2.0(1.0) Dodging
 * Level 7.4(6.2) Unarmed Combat
 - Level 2.0(1.0) Spellcasting
 + Level 5.1(4.0) Transmutations
 - Level 1.0(0.0) Poison Magic


You had 7 spell levels left.
You knew the following spells:

 Your Spells              Type           Power        Failure   Level
a - Beastly Appendage     Tmut           ##....       32%         1
b - Spider Form           Tmut/Pois      #.........   91%         3

Your spell library contained the following spells:

 Spells                   Type           Power        Failure   Level
 Wereblood                Tmut           ##......     43%         2
 Ice Form                 Ice/Tmut       #.......     100%        4
 Blade Hands              Tmut           ##........   100%        5


Dungeon Overview and Level Annotations

Branches:
Dungeon (6/15)             Temple (1/1) D:4

Altars:
Ashenzari
Fedhas
Gozag
Hepliaklqana
Kikubaaqudgha
Makhleb
Nemelex Xobeh
Okawaru
Qazlal
Ru
Sif Muna
Trog
Uskayaw
Vehumet
Wu Jian
Xom
Yredelemnul
Zin
The Shining One


Innate Abilities, Weirdness & Mutations

You cannot wear most types of armour.
You are very stealthy in the water. (Stealth+)
You are amphibious.
You can wear up to eight rings at the same time.
You can use your tentacles to constrict eight enemies at once.
Your skin changes colour to match your surroundings (Stealth+).
Your rubbery body absorbs attacks. (AC +1, EV +1)
One of your tentacles bears a large vicious spike.


Message History

You closely miss the wight. Your grab misses the wight.
Your tentacle spike misses the wight.
You bludgeon the wight! You grab the wight.
You pierce the wight, but do no damage.
The wight is heavily damaged.
You constrict the wight, but do no damage.
The wight completely misses you.
You tentacle-slap the wight but do no damage.
The wight is heavily damaged.
You constrict the wight. The wight barely misses you.
You tentacle-slap the wight but do no damage.
You pierce the wight, but do no damage.
The wight is heavily damaged.
You constrict the wight. The wight hits you with a +0 flail.
* * * LOW HITPOINT WARNING * * *
You tentacle-slap the wight.
Your tentacle spike misses the wight.
The wight is severely damaged.
Your transformation is almost over.
You constrict the wight. The wight hits you with a +0 flail.
You die...

.......
...#
.......
...
....... ..
.......#.#
.......#
..#..#
#z)# ##.@#
##...#
#..)## #
##...# #.
##....#
#.##.....#
#..#.....#
#.......##
##......#


You could see a wight.

Vanquished Creatures
  Grinder (D:3)
  A phantom (D:4)
  An ogre (D:5)
  A bullfrog (D:6)
  3 scorpions
  2 wights (D:6)
  A bullfrog skeleton (D:4)
  A centaur skeleton (D:6)
  An iguana (D:4)
  Natasha (thrice) (D:4)
  3 worker ants
  A killer bee zombie (D:6)
  A hound zombie (D:5)
  Robin (D:3)
  5 adders (D:3)
  A white imp (D:4)
  4 oozes
  An adder skeleton (D:5)
  4 worms
  2 dart slugs
  4 leopard geckos
  6 orcs
  A ball python (D:1)
  4 giant cockroaches
  11 goblins
  9 hobgoblins
  4 jackals (D:2)
  2 quokkas
  A ball python skeleton (D:5)
  7 bats
  3 frilled lizards
  9 kobolds
  2 leopard gecko skeletons (D:4)
  A quokka skeleton (D:5)
  5 rats
107 creatures vanquished.

Notes
Turn   | Place    | Note
-------+----------+-------------------------------------------
     0 | D:1      | ringo67 the Octopode Transmuter began the quest for the
                  | Orb.
     0 | D:1      | Reached XP level 1. HP: 13/13 MP: 3/3
   515 | D:1      | Reached XP level 2. HP: 9/18 MP: 5/5
  1509 | D:2      | Reached XP level 3. HP: 23/23 MP: 6/6
  2367 | D:2      | Reached skill level 4 in Unarmed Combat
  2421 | D:3      | Reached XP level 4. HP: 16/29 MP: 4/7
  2809 | D:3      | Found a bloodstained altar of Trog.
  2935 | D:3      | Reached XP level 5. HP: 26/35 MP: 6/8
  3079 | D:3      | Noticed Grinder
  3080 | D:3      | Paralysed by Grinder for 7 turns
  3099 | D:3      | Killed Grinder
  3099 | D:3      | Reached skill level 5 in Unarmed Combat
  3099 | D:3      | Reached XP level 6. HP: 19/42 MP: 9/9
  3492 | D:3      | Noticed Robin
  3553 | D:3      | Killed Robin
  4042 | D:4      | Noticed a phantom
  4061 | D:3      | Reached XP level 7. HP: 46/46 MP: 10/10
  4066 | D:3      | Learned a level 3 spell: Spider Form
  4109 | D:4      | Reached skill level 6 in Unarmed Combat
  4368 | D:4      | Reached skill level 1 in Poison Magic
  4756 | D:4      | Noticed Natasha
  4763 | D:4      | Killed Natasha
  5000 | D:4      | Found a sparkling altar of Nemelex Xobeh.
  5032 | D:4      | Found a staircase to the Ecumenical Temple.
  5038 | Temple   | Entered the Ecumenical Temple
  5163 | Temple   | Became a worshipper of Ru the Awakened
  5243 | D:4      | Noticed Natasha
  5247 | D:4      | Killed Natasha
  5595 | D:4      | Noticed Natasha
  5603 | D:4      | Killed Natasha
  5683 | D:5      | Entered Level 5 of the Dungeon
  5765 | D:5      | Found a faded altar of an unknown god.
  5765 | D:5      | Found an opulent altar of Gozag.
  5958 | D:5      | Found a shimmering altar of Xom.
  5961 | D:5      | Found a hide-covered altar of Uskayaw.
  5963 | D:5      | Found a faded altar of an unknown god.
  6294 | D:5      | Found a sparkling altar of Nemelex Xobeh.
  6314 | D:5      | Reached XP level 8. HP: 37/54 MP: 11/11
  6546 | D:6      | Reached skill level 7 in Unarmed Combat
  6563 | D:6      | Found an ancient bone altar of Kikubaaqudgha.
  6962 | D:6      | Reached skill level 5 in Transmutations
  7046 | D:6      | Slain by a wight

Illustrated notes

Levels and vault maps discovered:
D:1:      matt_arrival_grand_opening, layout_loops_ring, kennysheep_small_spiral
D:2:      layout_basic
D:3:      layout_loops_cross, lemuel_crystal_altar, lightli_corner_chamber,
          uniq_robin, uniq_grinder
D:4:      layout_loops_ring, minmay_temple_entry_fiery,
          hangedman_decor_peaks_small, nemelex_diamond_rough_becter,
          uniq_natasha
D:5:      layout_cave_pools, chequers_temple_overflow_minitemple,
          nemelex_dance_club_becter
D:6:      layout_cave_pods, lemuel_round_altar, nicolae_overflow_crystal_walls,
          portal_sewer_entry_e
Temple:   eino_temple_water

Skill      XL: |  1  2  3  4  5  6  7  8 |
---------------+-------------------------+-----
Unarmed Combat | 4 5 6 7 |  7.4
Fighting       | 2 3 4 |  4.7
Transmutations | 3 4 5 |  5.1
Poison Magic   | 1 |  1.0
Dodging        | |  2.0
Spellcasting   | |  2.0

Action                   |  1- 3 |  4- 6 |  7- 9 || total
-------------------------+-------+-------+-------++-------
Melee: Unarmed           |    89 |   113 |   120 ||   322
       Constrict         |    21 |    25 |    22 ||    68
       Kick              |     4 |    11 |     8 ||    23
       Punch             |     4 |     5 |     7 ||    16
       Tentacles         |    12 |    15 |    19 ||    46
Throw: Dart              |       |       |     9 ||     9
 Cast: Beastly Appendage |     6 |     5 |     4 ||    15
Invok: Reject Sacrifices |       |       |     1 ||     1
  Use: Potion            |       |     2 |       ||     2
       Scroll            |       |     6 |     1 ||     7
 Stab: Sleeping          |     3 |     3 |     2 ||     8
       Invisible         |       |     1 |       ||     1
       Distracted        |       |     1 |       ||     1
Armor: Skin              |     6 |    10 |     9 ||    25
Dodge: Dodged            |    50 |    52 |    21 ||   123
Block: Kite shield       |    21 |    45 |    32 ||    98

Table legend: (Time is in decaauts)
 A = Elapsed time spent in this place.
 B = Non-inter-level travel time spent in this place.
 C = Inter-level travel time spent in this place.
 D = Time resting spent in this place.
 E = Time spent auto-exploring this place.
 F = Levels seen in this place.
 G = Mean time per level.
                   A        B        C        D        E       F      G
               +--------+--------+--------+--------+--------+-----+--------+
         Total |   7047 |   6938 |    109 |   2683 |   3067 |   7 | 1006.7 |
       Dungeon |   6911 |   6811 |    100 |   2683 |   2970 |   6 | 1151.8 |
        Temple |    135 |    126 |      9 |      0 |     97 |   1 |  135.0 |
               +--------+--------+--------+--------+--------+-----+--------+

Top non-repeatable levels by time:
     D:3: 1617 daAuts
     D:4: 1528 daAuts
     D:1: 1340 daAuts
     D:2: 1063 daAuts
     D:5: 840 daAuts
     D:6: 521 daAuts
  Temple: 135 daAuts
